 Dungeon Crawl Stone Soup version 0.29-a0-830-gcb1280458a (webtiles) character file.

Game seed: 11373818299818206178

15568 Conn the Thaumaturge (level 12, -1/68 (69) HPs)
             Began as an Octopode Fire Elementalist on July 12, 2022.
             Was a High Priest of Sif Muna.
             Succumbed to an orc warrior's poison
             ... on level 1 of the Orcish Mines.
             The game lasted 00:50:09 (14504 turns).

Conn the Thaumaturge (Octopode Fire Elementalist)  Turns: 14504, Time: 00:50:11

HP:   -1/68 (69)    AC:  5    Str: 13    XL:     12   Next: 28%
MP:   32/46         EV: 14    Int: 22    God:    Sif Muna [*****.]
Gold: 923           SH:  0    Dex: 13    Spells: 17/35 levels left

rFire   . . .      SeeInvis +   j - +7 Throatcutter {drain, coup de grace}
rCold   + . .      Faith    .   (no shield)
rNeg    . . .      Spirit   .   (helmet restricted)
rPois   .          Reflect  .   (no amulet)
rElec   .          Harm     .   k - ring of magical power
rCorr   .          Rampage  .   q - ring of magical power
Will    .....                   w - +4 ring of protection
Stlth   ++++......              E - +6 ring of strength
HPRegen 0.21/turn               H - ring of see invisible
MPRegen 0.30/turn               J - ring of protection from cold
                                O - ring of flight
                                (no ring)

@: lethally poisoned (-1 -> -5), flying, lightly drained
A: almost no armour, amphibious, 8 rings, camouflage 1, gelatinous body 1,
(nimble swimmer 1), tentacles
a: Renounce Religion, Channel Magic, Forget Spell, Divine Exegesis


You were on level 1 of the Orcish Mines.
You worshipped Sif Muna.
Sif Muna was extremely pleased with you.
You visited 3 branches of the dungeon, and saw 14 of its levels.

You collected 923 gold pieces.

Inventory:

Hand Weapons
 b - a +0 dagger
 j - the +7 Throatcutter (weapon) {drain, coup de grace}
   (You found it on level 7 of the Dungeon)

   A truly terrible weapon, it drains the life of any living foe it strikes.
   It may instantly kill foes which have little health.
 z - a +4 dire flail of protection
Missiles
 K - a curare-tipped dart
 N - 4 boomerangs of dispersal
Armour
 h - a +0 buckler
Jewellery
 k - a ring of magical power (left tentacle)
 q - a ring of magical power (right tentacle)
 w - a +4 ring of protection (on tentacle)
 E - a +6 ring of strength (on tentacle)
 H - a ring of see invisible (on tentacle)
 J - a ring of protection from cold (on tentacle)
 L - a ring of ice
 O - a ring of flight (on tentacle)
Wands
 c - a wand of light (13)
 d - a wand of roots (22)
 s - a wand of flame (53)
 B - a wand of digging (15)
 F - a wand of paralysis (9)
Scrolls
 e - a scroll of magic mapping
 g - a scroll of enchant armour
 i - 3 scrolls of blinking
 l - 2 scrolls of amnesia
 m - 2 scrolls of brand weapon
 o - 6 scrolls of teleportation
 p - a scroll of fog
 r - a scroll of vulnerability
 u - a scroll of summoning
 x - a scroll of fear {unknown}
 y - a scroll of poison
 A - a scroll of silence {unknown}
 I - a scroll of torment {unknown}
 M - a scroll of immolation {unknown}
Potions
 a - 3 potions of magic
 f - 2 potions of ambrosia
 n - 7 potions of curing
 t - 2 potions of brilliance
 v - 2 potions of might
 C - a potion of cancellation


   Skills:
 + Level 1.3 Fighting
 + Level 1.0(1.4) Short Blades
 + Level 1.5(1.7) Long Blades
 + Level 0.7 Maces & Flails
 + Level 3.2 Dodging
 + Level 5.3 Stealth
 + Level 12.0 Spellcasting
 * Level 7.5 Conjurations
 + Level 3.1 Hexes
 + Level 3.3 Translocations
 + Level 9.8 Fire Magic
 * Level 6.0 Invocations


You had 17 spell levels left.
You knew the following spells:

 Your Spells              Type           Power      Damage    Failure   Level
a - Foxfire               Conj/Fire      100%       2x1d9     1%          1
b - Conjure Flame         Conj/Fire      51%        6-21      1%          3
c - Inner Flame           Hex/Fire       41%        N/A       1%          3
d - Flame Wave            Conj/Fire      51%        2d10      1%          4
e - Scorch                Fire           100%       2d10      1%          2
f - Blink                 Tloc           56%        N/A       1%          2
g - Teleport Other        Tloc           28%        N/A       3%          3

Your spell library contained the following spells:

 Spells                   Type           Power      Damage    Failure   Level
 Gell's Gravitas          Tloc           28%        N/A       3%          3
 Lesser Beckoning         Tloc           28%        N/A       3%          3
 Manifold Assault         Tloc           28%        N/A       34%         5
 Simulacrum               Ice/Necr       6%         N/A       100%        6
 Shatter                  Erth           6%         3d9*      100%        9
 Animate Armour           Summ/Erth      Unusable   N/A       N/A         4

Dungeon Overview and Level Annotations

Branches:
Dungeon (11/15)            Temple (1/1) D:4            Lair (0/6) D:9
    Orc (2/2) D:11            Elf (0/3) Orc:2

Altars:
Ashenzari
Cheibriados
Dithmenos
Elyvilon
Fedhas
Gozag
Hepliaklqana
Kikubaaqudgha
Makhleb
Nemelex Xobeh
Okawaru
Qazlal
Ru
Sif Muna
Trog
Uskayaw
Vehumet
Wu Jian
Xom
Yredelemnul
Zin
The Shining One

Shops:
D:5 *


Innate Abilities, Weirdness & Mutations

You cannot wear most types of armour.
You are amphibious.
You can wear up to eight rings at the same time.
Your skin changes colour to match your surroundings (Stealth+).
Your rubbery body absorbs attacks. (AC +1, EV +1)
((You are camouflaged when in or above water. (Stealth+)))
You have tentacles for arms and can constrict up to eight enemies at once.


Message History

The orc closely misses you.
As you read the scroll of teleportation, it crumbles to dust.
You feel strangely unstable. The orc hits you with a +0 hand axe.
The orc completely misses you.
Casting: Blink (safe; 1% risk of failure)
Confirm with . or Enter, or press ? or * to list all spells.
You blink.
An orc comes into view. It is wielding a +3 dagger.
The orc priest looks encouraged for a moment.
The orc warrior hits you from afar with a +1 halberd of venom!
You are poisoned.
The orc priest attacks as you move away!
The orc priest hits you with a +0 dagger.
Your surroundings suddenly seem different.
You feel very sick.
You feel stable enough to blink again.
You feel very sick.
Casting: Blink (safe; 1% risk of failure)
Confirm with . or Enter, or press ? or * to list all spells.
Flames lash the orc.
You kill the orc!
Sif Muna accepts your kill.
You feel sick.
You feel sick.
The troll shouts!
The orc priest invokes the aid of Beogh against you.
Beogh smites you!
* * * LOW HITPOINT WARNING * * *
Things that are here:
a +3 dagger; an orc corpse You feel sick.
There is a stone staircase leading up here.
Unknown command.
You feel sick. The orc hits you with a +0 flail.
* * * LOW HITPOINT WARNING * * *
The orc priest mumbles some strange prayers to Beogh against you.
Beogh smites you!
* * * LOW HITPOINT WARNING * * *
You fly upwards.
You die...

### ##.## #..>#
####..###
#.##....####
##.......#..##
##......[.....##
#.....#....@o..##
##....##........##
###.....###[[......#
#.......##..[.....##
###......#.).....##
##.....#.^....##
##..........##
##.#....####
###.....#


You could see an orc.

Vanquished Creatures
  An orc warlord (Orc:1)
  A two-headed ogre (Orc:1)
  Urug (D:11)
  An orc sorcerer (Orc:2)
  3 cyclopes
  Psyche (D:9)
  An unseen horror (D:11)
  A komodo dragon (D:9)
  3 trolls
  2 hornets
  The ghost of Malachi the Shooter, an amateur OpHu (D:4)
  Sigmund (D:3)
  12 yaks
  2 wraiths
  2 wyverns (D:7)
  A basilisk (D:8)
  3 acid dragons
  A water moccasin (D:5)
  2 wargs (Orc:1)
  Duvessa (D:7)
  Edmund (D:6)
  16 orc warriors
  3 black bears
  3 ice beasts
  A sky beast (D:8)
  6 ogres
  2 phantoms
  2 kobold brigands
  2 necrophages
  2 bullfrogs (D:8)
  A gnoll sergeant (D:8)
  10 wights (D:6)
  Dowan (D:7)
  11 killer bees
  4 electric eels
  6 howler monkeys
  3 hounds
  3 jellies
  2 gnoll boudas
  21 orc priests
  6 iguanas
  Jessica (D:3)
  21 orc wizards
  11 gnolls
  9 adders
  A shadow imp (D:6)
  An ufetubus (D:6)
  2 dart slugs
  91 orcs
  7 ball pythons
  3 endoplasms
  2 giant cockroaches
  4 goblins
  6 hobgoblins
  4 quokkas
  11 bats
  3 frilled lizards (D:3)
  8 kobolds
  6 rats
338 creatures vanquished.

Vanquished Creatures (others)
  930 foxfires
  45 plants (D:9)
975 creatures vanquished.

Grand Total: 1313 creatures vanquished

Notes
Turn   | Place    | Note
-------+----------+-------------------------------------------
     0 | D:1      | Conn the Octopode Fire Elementalist began the quest for the
                  | Orb.
     0 | D:1      | Reached XP level 1. HP: 11/11 MP: 3/3
   129 | D:1      | Found a faded altar of an unknown god.
   280 | D:1      | Reached XP level 2. HP: 17/17 MP: 1/5
   736 | D:1      | Reached XP level 3. HP: 21/21 MP: 0/6
  1484 | D:2      | Got the Discursus on Polar Bedrock
  2306 | D:3      | Learned a level 2 spell: Scorch
  2310 | D:3      | Learned a level 3 spell: Conjure Flame
  2480 | D:3      | Reached XP level 4. HP: 23/27 MP: 7/7
  2766 | D:3      | Reached skill level 1 in Short Blades
  2766 | D:3      | Reached skill level 3 in Spellcasting
  2766 | D:3      | Reached XP level 5. HP: 13/31 MP: 9/9
  3130 | D:3      | Noticed Jessica
  3139 | D:3      | Killed Jessica
  3140 | D:3      | Noticed Sigmund
  3146 | D:3      | Killed Sigmund
  3147 | D:3      | Reached skill level 4 in Spellcasting
  3147 | D:3      | Reached XP level 6. HP: 36/36 MP: 7/12
  3706 | D:3      | Learned a level 3 spell: Inner Flame
  3711 | D:3      | Learned a level 4 spell: Flame Wave
  4213 | D:4      | Reached XP level 7. HP: 41/41 MP: 13/13
  4214 | D:4      | Found a runed translucent gate.
  4250 | D:4      | Found a staircase to the Ecumenical Temple.
  4258 | Temple   | Entered the Ecumenical Temple
  4384 | Temple   | Became a worshipper of Sif Muna the Loreminder
  4749 | D:4      | Reached skill level 5 in Spellcasting
  4877 | D:4      | Found a runed translucent gate.
  4877 | D:4      | Found a runed translucent gate.
  4879 | D:4      | Noticed Malachi's ghost (amateur OpHu)
  5214 | D:4      | Killed Malachi's ghost
  5278 | D:5      | Entered Level 5 of the Dungeon
  5278 | D:5      | Noticed a yak
  5278 | D:5      | Noticed a yak
  5280 | D:5      | Noticed a yak
  5283 | D:5      | Noticed a yak
  5284 | D:5      | Noticed a yak
  5287 | D:5      | Noticed a yak
  5288 | D:5      | Killed a yak
  5289 | D:5      | Reached skill level 6 in Spellcasting
  5289 | D:5      | Reached XP level 8. HP: 41/46 MP: 17/17
  5295 | D:5      | Killed a yak
  5295 | D:5      | Killed a yak
  5295 | D:5      | Killed a yak
  5296 | D:5      | Reached skill level 7 in Spellcasting
  5296 | D:5      | Reached skill level 1 in Hexes
  5296 | D:5      | Reached skill level 5 in Fire Magic
  5296 | D:5      | Killed a yak
  5301 | D:5      | Killed a yak
  5525 | D:5      | Noticed a yak
  5526 | D:5      | Noticed a wraith
  5602 | D:5      | Reached XP level 9. HP: 52/52 MP: 20/20
  5607 | D:5      | Learned a level 2 spell: Blink
  5854 | D:5      | Found Fuvaatiu's Elemental Accessories.
  5863 | D:5      | Reached skill level 8 in Spellcasting
  6054 | D:5      | Reached * piety under Sif Muna
  6143 | D:6      | Noticed Edmund
  6151 | D:6      | Killed Edmund
  6152 | D:6      | Reached skill level 1 in Translocations
  6342 | D:6      | Reached skill level 5 in Stealth
  6376 | D:6      | Reached skill level 9 in Spellcasting
  6502 | D:6      | Reached skill level 1 in Invocations
  6580 | D:6      | Reached XP level 10. HP: 57/57 MP: 23/23
  7269 | D:7      | Reached ** piety under Sif Muna
  7504 | D:7      | Noticed Dowan
  7510 | D:7      | Noticed Duvessa
  7516 | D:7      | Killed Duvessa
  7517 | D:7      | Reached skill level 5 in Conjurations
  7520 | D:7      | Killed Dowan
  7634 | D:7      | Reached skill level 10 in Spellcasting
  7765 | D:7      | Found the +7 Throatcutter {drain, coup de grace}
  9229 | D:8      | Learned a level 3 spell: Teleport Other
  9440 | D:9      | Reached *** piety under Sif Muna
  9562 | D:9      | Reached XP level 11. HP: 62/62 MP: 13/25
  9562 | D:9      | Found a staircase to the Lair.
  9615 | D:9      | Noticed Psyche
  9623 | D:9      | Killed Psyche
 10063 | D:9      | You fall into a shaft and drop 1 floor!
 10063 | D:10     | Entered Level 10 of the Dungeon
 10322 | D:9      | Found a radiant altar of Vehumet.
 10322 | D:9      | Found a shimmering altar of Xom.
 10329 | D:9      | Found a broken altar of Ashenzari.
 10330 | D:9      | Found a glowing golden altar of the Shining One.
 10398 | D:9      | Reached skill level 11 in Spellcasting
 10819 | D:10     | Reached **** piety under Sif Muna
 11242 | D:10     | Found an opulent altar of Gozag.
 11254 | D:10     | Reached skill level 1 in Long Blades
 11669 | D:11     | Noticed Urug
 11681 | D:11     | Killed Urug
 12148 | D:11     | Found a staircase to the Orcish Mines.
 12751 | Orc:1    | Entered Level 1 of the Orcish Mines
 12751 | Orc:1    | Noticed a cyclops
 12754 | Orc:1    | Killed a cyclops
 12770 | Orc:1    | Reached skill level 1 in Fighting
 12976 | Orc:2    | Entered Level 2 of the Orcish Mines
 12976 | Orc:2    | Noticed a cyclops
 12982 | Orc:2    | Killed a cyclops
 12983 | Orc:2    | Reached skill level 5 in Invocations
 12988 | Orc:2    | Reached ***** piety under Sif Muna
 12994 | Orc:2    | Received a gift from Sif Muna
 12994 | Orc:2    | Noticed an orc sorcerer
 13644 | Orc:1    | Reached XP level 12. HP: 69/69 MP: 27/27
 13670 | Orc:1    | Noticed an orc warlord
 13842 | Orc:1    | Killed an orc warlord
 14067 | Orc:1    | Noticed a two-headed ogre
 14075 | Orc:1    | Killed a two-headed ogre
 14302 | Orc:2    | Reached skill level 12 in Spellcasting
 14493 | Orc:2    | Found a staircase to the Elven Halls.
 14495 | Orc:2    | Noticed an orc high priest
 14503 | Orc:2    | HP: 1/68 [orc priest/divine providence (13)]
 14504 | Orc:1    | Succumbed to an orc warrior's poison

Illustrated notes

Levels and vault maps discovered:
D:1:      matt_arrival_los_fun, layout_basic,
          ebering_ecumenical_altar_abandoned, minmay_unequal
D:2:      layout_loops_ring, hangedman_decor_growths, patterned_corridor
D:3:      layout_loops_corners, grunt_ministairs_10, kennysheep_generic_room_5,
          uniq_sigmund, uniq_jessica
D:4:      layout_loops_ring, minmay_temple_entry_glassed_door,
          ebering_ghost_rock_garden, minmay_misc_feat_enclosed
D:5:      nicolae_cairo_tiling_large_dashed, layout_gridville, minivault_1,
          nicolae_elemental_shop, lightli_corner_chamber
D:6:      layout_loops_ring, uniq_edmund
D:7:      layout_loops_ring, nicolae_kite_square_tiling_tiny, uniq_duvessa
D:8:      layout_rooms, serial_curves, eino_curves_03, eino_curves_02,
          disabler_island
D:9:      layout_cave_pools, minitemple, david_lair_shrubbed,
          corexii_checkpoint_a, mrwooster_statue_mirror, uniq_psyche
D:10:     layout_basic, nicolae_gozag_seed_capital
D:11:     layout_loops_ring, hiddenorc1_lemuel, kennysheep_generic_room_2,
          uniq_urug
Temple:   minmay_crystal_spiral_temple
Orc:1:    layout_diamond_mine, nicolae_orc_flooded_monolith
Orc:2:    st_orc_pillars, layout_caves, basic_altar, uniq_erolcha

Skill      XL: |  1  2  3  4  5  6  7  8  9 10 11 12 |
---------------+-------------------------------------+-----
Stealth        | 3 4 5 |  5.3
Short Blades   | 1 |  1.0
Spellcasting   | 3 4 6 7 9 10 11 12 | 12.0
Conjurations   | 2 3 4 6 7 |  7.5
Fire Magic     | 4 5 6 7 9 |  9.8
Hexes          | 1 2 3 |  3.1
Dodging        | 3 |  3.2
Translocations | 2 3 |  3.3
Invocations    | 1 2 5 6 |  6.0
Long Blades    | 1 |  1.5
Fighting       | 1 |  1.3
Maces & Flails | |  0.7

Action                   |  1- 3 |  4- 6 |  7- 9 | 10-12 || total
-------------------------+-------+-------+-------+-------++-------
Melee: Unarmed           |     4 |       |       |       ||     4
       Dagger            |    30 |    15 |     9 |       ||    54
       Constrict         |     8 |     3 |     4 |    10 ||    25
       Tentacles         |     5 |     1 |     4 |     8 ||    18
       Dire flail        |       |       |     3 |    12 ||    15
       Long sword        |       |       |       |    36 ||    36
       Punch             |       |       |       |     3 ||     3
 Cast: Foxfire           |    58 |    42 |    71 |   371 ||   542
       Scorch            |       |    20 |    56 |   158 ||   234
       Flame Wave        |       |     1 |     1 |    12 ||    14
       Inner Flame       |       |       |    10 |    37 ||    47
       Conjure Flame     |       |       |     4 |    13 ||    17
       Blink             |       |       |       |     7 ||     7
       Teleport Other    |       |       |       |     1 ||     1
Evoke: Wand              |       |       |     1 |     3 ||     4
  Use: Potion            |       |     1 |       |     3 ||     4
       Scroll            |       |       |       |    19 ||    19
 Stab: Sleeping          |     7 |     1 |     2 |     5 ||    15
Armor: Skin              |     4 |     3 |    10 |    28 ||    45
Dodge: Dodged            |    26 |    14 |    13 |    76 ||   129

Table legend: (Time is in decaauts)
 A = Elapsed time spent in this place.
 B = Non-inter-level travel time spent in this place.
 C = Inter-level travel time spent in this place.
 D = Time resting spent in this place.
 E = Time spent auto-exploring this place.
 F = Levels seen in this place.
 G = Mean time per level.
                   A        B        C        D        E       F      G
               +--------+--------+--------+--------+--------+-----+--------+
         Total |  14516 |  14205 |    311 |    936 |  10300 |  14 | 1036.9 |
       Dungeon |  12548 |  12333 |    215 |    511 |   9337 |  11 | 1140.7 |
        Temple |    211 |    126 |     85 |      0 |    106 |   1 |  211.0 |
  Orcish Mines |   1756 |   1745 |     11 |    425 |    857 |   2 |  878.0 |
               +--------+--------+--------+--------+--------+-----+--------+

Top non-repeatable levels by time:
     D:3: 1927 daAuts
   Orc:1: 1626 daAuts
    D:11: 1353 daAuts
     D:1: 1295 daAuts
     D:9: 1222 daAuts
     D:8: 1214 daAuts
     D:6: 1123 daAuts
     D:4: 938 daAuts
    D:10: 933 daAuts
     D:2: 903 daAuts
     D:5: 864 daAuts
     D:7: 771 daAuts
  Temple: 211 daAuts
   Orc:2: 130 daAuts
